 Dungeon Crawl Stone Soup version 0.31-a0-83-gbff143cfd1 (webtiles) character file.

Game seed: 15429911732695982442

9 Esekla the Sneak (level 2, 7/21 HPs)
             Began as an Octopode Delver on May 24, 2023.
             Quit the game on level 5 of the Dungeon.
             The game lasted 00:01:38 (149 turns).

Esekla the Sneak (Octopode Delver)                   Turns: 149, Time: 00:01:39

Health: 7/21       AC:  1    Str: 11    XL:     2   Next: 12%
Magic:  2/2        EV: 13    Int: 12    God:
Gold:   10         SH:  0    Dex: 13    Spells: 1/1 levels left

rFire   . . .        a - +0 falchion
rCold   . . .        (no shield)
rNeg    . . .        (helmet restricted)
rPois   .            (no amulet)
rElec   .            (no ring)
rCorr   .            (no ring)
SInv    .            (no ring)
Will    .....        (no ring)
Stlth   ++++         (no ring)
HPRegen 0.23/turn    (no ring)
MPRegen 0.08/turn    (no ring)
                     (no ring)

%: no passive effects
@: no status effects
A: almost no armour, amphibious, 8 rings, camouflage 1, gelatinous body 1,
(nimble swimmer 1), tentacles
a: no special abilities


You were on level 5 of the Dungeon.
You visited 1 branch of the dungeon, and saw 1 of its levels.

You collected 10 gold pieces.

Inventory:

Hand Weapons
 a - a +0 falchion (weapon)
Wands
 f - a wand of digging (3)
Scrolls
 b - a scroll of fog
 d - a scroll of identify {unknown}
Potions
 c - a potion of cancellation
 e - a potion of haste


   Skills:
 * Level 3.1 Fighting
 * Level 2.1 Long Blades
 * Level 2.1 Dodging
 + Level 6.8 Stealth
 * Level 0.2 Spellcasting


You had one spell level left.
You didn't know any spells.
Your spell library was empty.

Dungeon Overview and Level Annotations

Branches:
Dungeon (5/15)             Temple (0/1) D:5

Altars:
Makhleb
Qazlal


Innate Abilities, Weirdness & Mutations

You cannot wear most types of armour.
You are amphibious.
You can wear up to eight rings at the same time.
Your skin changes colour to match your surroundings (Stealth+).
Your rubbery body absorbs attacks. (AC +1, EV +1)
((You are camouflaged when in or above water. (Stealth+)))
You have tentacles for arms and can constrict up to eight enemies at once.


Message History

The adder is moderately wounded.
The adder barely misses you. The adder bites you.
You barely miss the adder. Your grab misses the adder.
The adder is moderately wounded.
The adder bites you.
You are poisoned.
The adder poisons you!
You closely miss the adder. You grab the adder.
The adder is moderately wounded.
You constrict the adder.
You feel sick. The adder bites you. The adder misses you.
You hit the adder but do no damage.
The adder is moderately wounded.
You constrict the adder.
You feel sick. The adder bites you.
You are lethally poisoned!
The adder poisons you!
You slash the adder!
You kill the adder!
* * * LOW HITPOINT WARNING * * *
You feel sick.
You have reached level 2!
It was a potion of cancellation.
You feel magically purged.
You feel sick. The iguana barely misses you.
Okay, then.
As you read the scroll of fear, it crumbles to dust.
You assume a fearsome visage.
The iguana looks frightened!
You feel sick.
You feel sick.
You feel sick.
You feel sick.
You are no longer poisoned.
Found 10 gold pieces.
Found a scroll labelled XUSIYDW EKLIQ.
Found a stone staircase leading up.
You now have 10 gold pieces.
d - a scroll labelled XUSIYDW EKLIQ
Found 4 stones.
An adder and a howler monkey come into view.
Found a quarterstaff and 9 gold pieces.
An orc comes into view. It is wielding a +0 club.
Found 5 stones and a quarterstaff.
Found a stormy altar of Qazlal.
Are you sure you want to abandon this character and quit the game? (Confirm with "yes".)

****#######..l###.#..##
*,,,........#.# #....#
*,**#######...###.#..#
**##,****#...........#..#*
*,...,,,*#.##............,
*,§~.§,,*#.##...#####....,
*,)§§..,*#.......# **....,
*,o~_≈§.##.#####.###.....,
**,~§.S...@.# #.#.......,
*,,.........# #<..#,,,,,,
*,,.......#(# #.#.#*,,,,,
*,,##.#.#.#.#***#.#.#*,,,,,
**,*#,#.#h#.$,,,.....,,,,,,
*,,*,#,#.####,####...,,,,,
**,,,*,#.****,,,,,..##,**,
*,***,#.*,,,,,,,,..#*,**,
*,* *,*,*,******,..#,,,,,


You could see a howler monkey (asleep), an adder (asleep) and an orc (asleep).

Vanquished Creatures
  An adder (D:5)
1 creature vanquished.

Notes
Turn   | Place    | Note
-------+----------+-------------------------------------------
     0 | D:5      | Esekla the Octopode Delver began the quest for the Orb.
     0 | D:5      | Reached XP level 1. HP: 16/16 MP: 1/1
    45 | D:5      | Found a burning altar of Makhleb.
    45 | D:5      | Noticed a hound
    88 | D:5      | Noticed an iguana
   119 | D:5      | Reached XP level 2. HP: 5/21 MP: 2/2
   123 | D:5      | HP: 1/21 [poisoned by an adder]
   147 | D:5      | Noticed a howler monkey
   148 | D:5      | Found a stormy altar of Qazlal.
   149 | D:5      | Quit the game

Illustrated notes

Levels and vault maps discovered:
D:5:      layout_loops_ring, nicolae_qazlal_scattered_showers,
          makhleb_heckhound_becter, temple_statues,
          hellmonk_ghost_happy_afterlife, uniq_eustachio

Action                     || total
---------------------------++-------
  Melee: Falchion          ||     6
         Constrict         ||     1
    Use: Scroll            ||     2
         Potion            ||     1
  Dodge: Dodged            ||     5

Table legend: (Time is in decaauts)
 A = Elapsed time spent in this place.
 B = Non-inter-level travel time spent in this place.
 C = Inter-level travel time spent in this place.
 D = Time resting spent in this place.
 E = Time spent auto-exploring this place.
 F = Levels seen in this place.
 G = Mean time per level.
                   A        B        C        D        E       F      G
               +--------+--------+--------+--------+--------+-----+--------+
         Total |    150 |    150 |      0 |      0 |      0 |   1 |  150.0 |
       Dungeon |    150 |    150 |      0 |      0 |      0 |   1 |  150.0 |
               +--------+--------+--------+--------+--------+-----+--------+

Top non-repeatable levels by time:
     D:5: 150 daAuts
